 Dungeon Crawl Stone Soup version 0.26-a0-937-g67df3f2acb (webtiles) character file.

Game seed: 8650594570348430381

254 Ijustatesigmund the Chopper (level 6, 0/44 HPs)
             Began as an Octopode Fighter on Nov 27, 2020.
             Killed from afar by an orc wizard (2 damage)
             ... with a magic dart
             ... on level 2 of the Dungeon.
             The game lasted 00:03:12 (2123 turns).

Ijustatesigmund the Chopper (Octopode Fighter)      Turns: 2123, Time: 00:03:12

Health: 0/44       AC:  5    Str: 15    XL:     6   Next: 14%
Magic:  6/6        EV: 11    Int: 12    God:
Gold:   86         SH:  9    Dex: 12    Spells: 5/5 levels left

rFire    . . .     SeeInvis .   a - +0 war axe
rCold    . . .     Faith    .   b - +1 kite shield
rNeg     . . .     Spirit   .   (helmet restricted)
rPois    .         Reflect  .   (no amulet)
rElec    .         Harm     .   g - +4 ring of protection
rCorr    .         Rampage  .   h - ring of stealth
MR       .....                  (no ring)
Stlth    ++++......             (no ring)
HPRegen  0.14/turn              (no ring)
MPRegen  0.10/turn              (no ring)
                                (no ring)
                                (no ring)

@: no status effects
A: almost no armour, stealthy swim, amphibious, 8 rings, constrict 8, camouflage
1, gelatinous body 1
a: no special abilities


You were on level 2 of the Dungeon.
You visited 1 branch of the dungeon, and saw 3 of its levels.

You collected 86 gold pieces.

Inventory:

Hand Weapons
 a - a +0 war axe (weapon)
Missiles
 c - 16 poisoned darts (quivered)
Armour
 b - a +1 kite shield (worn)
Jewellery
 g - a +4 ring of protection (left tentacle)
 h - a ring of stealth (right tentacle)
Scrolls
 d - 3 scrolls of remove curse
 i - a scroll of blinking
 j - a scroll of teleportation {unknown}
 k - a scroll of identify {unknown}
Potions
 e - a potion of mutation {unknown}
 f - a potion of curing {unknown}


   Skills:
 + Level 4.5 Fighting
 + Level 5.1 Axes
 - Level 3.0 Dodging
 + Level 1.1 Stealth
 - Level 3.0 Shields


You had 5 spell levels left.
You didn't know any spells.
Your spell library was empty.

Dungeon Overview and Level Annotations

Branches:
Dungeon (3/15)

Altars:
Ashenzari
Kikubaaqudgha
Nemelex Xobeh
Qazlal
Sif Muna
Trog
Xom


Innate Abilities, Weirdness & Mutations

You cannot wear most types of armour.
You are very stealthy in the water. (Stealth+)
You are amphibious.
You can wear up to eight rings at the same time.
You can use your tentacles to constrict eight enemies at once.
Your skin changes colour to match your surroundings (Stealth+).
Your rubbery body absorbs attacks. (AC +1, EV +1)


Message History

A puff of frost appears from out of thin air!
The puff of frost hits you!
* * * LOW HITPOINT WARNING * * *
There is a stone staircase leading up here.
Something hits you but does no damage.
You hear some strange, mumbled words.
A puff of flame appears from out of thin air!
The puff of flame hits you.
* * * LOW HITPOINT WARNING * * *
You climb upwards.
Reactivating autopickup.
There is a stone staircase leading down here.
Deactivating autopickup; reactivate with Ctrl-A.
You hit something. You block something's attack. Something barely misses you.
You miss something. You squeeze something. Something hits you.
* * * LOW HITPOINT WARNING * * *
You hear some strange, mumbled words.
A magic dart appears from out of thin air!
The magic dart hits you.
You die...

########
#####......#
...##......#
.#.##......#######
....'......'...{@#
.####......#######
...........#
...........#
...........#
..###......# ..#
#.....>########
..###......#...†..#
...#####'###.####.#


There were no monsters in sight!

Vanquished Creatures
  Sigmund (D:2)
  A worker ant (D:2)
  An ooze (D:2)
  A worm (D:2)
  A dart slug (D:2)
  4 leopard geckos
  3 orcs (D:3)
  6 giant cockroaches (D:2)
  10 goblins
  5 hobgoblins
  6 bats
  3 frilled lizards (D:2)
  5 kobolds
  8 rats
55 creatures vanquished.

Notes
Turn   | Place    | Note
-------+----------+-------------------------------------------
     0 | D:1      | Ijustatesigmund the Octopode Fighter began the quest for
                  | the Orb.
     0 | D:1      | Reached XP level 1. HP: 16/16 MP: 1/1
   104 | D:1      | Reached XP level 2. HP: 9/21 MP: 2/2
   960 | D:2      | Noticed Sigmund
   965 | D:2      | Reached skill level 3 in Axes
   968 | D:2      | Reached XP level 3. HP: 20/26 MP: 3/3
   978 | D:2      | Killed Sigmund
   979 | D:2      | Reached skill level 4 in Axes
   979 | D:2      | Reached XP level 4. HP: 6/33 MP: 4/4
   979 | D:2      | Reached XP level 5. HP: 6/37 MP: 5/5
  1429 | D:2      | Found a bloodstained altar of Trog.
  1433 | D:2      | Found a shimmering altar of Xom.
  1435 | D:2      | Found a stormy altar of Qazlal.
  1435 | D:2      | Found an ancient bone altar of Kikubaaqudgha.
  1436 | D:2      | Found a shimmering blue altar of Sif Muna.
  1440 | D:2      | Found a sparkling altar of Nemelex Xobeh.
  1441 | D:2      | Found a broken altar of Ashenzari.
  1581 | D:2      | Reached skill level 5 in Axes
  1834 | D:2      | Reached skill level 1 in Stealth
  1834 | D:2      | Reached XP level 6. HP: 41/44 MP: 6/6
  1855 | D:2      | Found a shimmering blue altar of Sif Muna.
  2123 | D:2      | HP: 2/44 [something (1)]
  2123 | D:2      | Killed from afar by an orc wizard

Illustrated notes

Levels and vault maps discovered:
D:1:      minmay_arrival_nine_rooms, layout_rooms,
          hangedman_abyss_or_decor_lesser_grid, columned_hall_lemuel
D:2:      layout_basic, minitemple, lemuel_statue_altar, uniq_sigmund
D:3:      layout_rooms, uniq_grinder

Skill      XL: |  1  2  3  4  5 |
---------------+----------------+-----
Axes           | 3 4 5 |  5.1
Fighting       | 4 |  4.5
Stealth        | 1 |  1.1
Dodging        | |  3.0
Shields        | |  3.0

Action                   |  1- 3 |  4- 6 || total
-------------------------+-------+-------++-------
Melee: War axe           |    38 |    65 ||   103
       Constrict         |     8 |    16 ||    24
       Tentacles         |     5 |    10 ||    15
  Use: Scroll            |     2 |     1 ||     3
       Potion            |     3 |       ||     3
 Stab: Sleeping          |     2 |     7 ||     9
Armor: Skin              |     2 |     8 ||    10
Dodge: Dodged            |    17 |    23 ||    40
Block: Kite shield       |    14 |    19 ||    33

Table legend: (Time is in decaauts)
 A = Elapsed time spent in this place.
 B = Non-inter-level travel time spent in this place.
 C = Inter-level travel time spent in this place.
 D = Time resting spent in this place.
 E = Time spent auto-exploring this place.
 F = Levels seen in this place.
 G = Mean time per level.
                   A        B        C        D        E       F      G
               +--------+--------+--------+--------+--------+-----+--------+
         Total |   2144 |   2129 |     15 |    464 |   1310 |   3 |  714.7 |
       Dungeon |   2144 |   2129 |     15 |    464 |   1310 |   3 |  714.7 |
               +--------+--------+--------+--------+--------+-----+--------+

Top non-repeatable levels by time:
     D:2: 1077 daAuts
     D:1: 1052 daAuts
     D:3: 13 daAuts
